 Dungeon Crawl Stone Soup version 0.29-a0-384-g6960b1960d (webtiles) character file.

Game seed: 6927632174020720574

957 Bruhh the Cleaver (level 8, -3/88 HPs)
             Began as a Hill Orc Fighter on May 7, 2022.
             Was a Believer of Hepliaklqana.
             Slain by a gnoll sergeant
             ... wielding a +2 vampiric trident
              (6 damage)
             ... on level 6 of the Dungeon.
             The game lasted 00:08:49 (4102 turns).

Bruhh the Cleaver (Hill Orc Fighter)                Turns: 4102, Time: 00:08:49

Health: -3/88      AC: 24    Str: 21    XL:     8   Next: 14%
Magic:  7/8        EV:  2    Int:  8    God:    Hepliaklqana [**....]
Gold:   223        SH:  4    Dex: 10    Spells: 7/7 levels left

rFire   . . .      SeeInvis .   d - +7 Throatcutter {drain, coup de grace}
rCold   . . .      Faith    .   c - +0 buckler
rNeg    . . .      Spirit   .   (body armour currently unavailable)
rPois   +          Reflect  .   (helmet currently unavailable)
rElec   .          Harm     .   (cloak currently unavailable)
rCorr   .          Rampage  .   (gloves currently unavailable)
Will    .....      NoTele   +   (boots currently unavailable)
Stlth   +.........              (no amulet)
HPRegen 0.24/turn               (no ring)
MPRegen 0.11/turn               (no ring)

@: tree-form (expiring), hasted, very quick
A: stationary, stasis, torment immunity, boosted hp, reduced essence
a: Renounce Religion, Recall Ancestor, Ancestor Identity


You were on level 6 of the Dungeon.
You worshipped Hepliaklqana.
Hepliaklqana was pleased with you.
You were a tree.
You visited 1 branch of the dungeon, and saw 6 of its levels.

You collected 223 gold pieces.

Inventory:

Hand Weapons
 a - a +0 war axe
 d - the +7 Throatcutter (weapon) {drain, coup de grace}
   (You took it off Terence on level 3 of the Dungeon)

   A truly terrible weapon, it drains the life of any living foe it strikes.
   It may instantly kill foes which have little health.
 u - a +0 vorpal flail
Armour
 b - a +0 scale mail (melded)
 c - a +0 buckler (worn)
Jewellery
 m - a ring of positive energy
Wands
 l - a wand of flame (13)
Scrolls
 f - 6 scrolls of identify {unknown}
 g - a scroll of silence {unknown}
 j - 3 scrolls of fog
 k - a scroll of immolation {unknown}
 n - a scroll of fear {unknown}
 p - a scroll of noise {unknown}
 t - a scroll of torment {unknown}
 w - a scroll of teleportation {unknown}
Potions
 o - a potion of berserk rage {unknown}
 r - a potion of brilliance {unknown}


   Skills:
 + Level 4.0 Fighting
 - Level 12.0 Axes
 - Level 3.2 Armour
 - Level 3.2 Shields


You had 7 spell levels left.
You didn't know any spells.
Your spell library contained the following spells:

 Spells                   Type           Power      Damage    Failure   Level
 Cause Fear               Hex            0%         N/A       99%         4
 Dragon Form              Tmut           0%         N/A       100%        7
 Dragon's Call            Summ           0%         N/A       100%        9


Dungeon Overview and Level Annotations

Branches:
Dungeon (6/15)             Temple (0/1) D:4

Altars:
Hepliaklqana

Shops:
D:3 (


Message History

You miss the adder. The adder bites you but does no damage.
Bianca hits the adder with a +0 flail.
The orc throws a boomerang.
The boomerang hits Bianca but does no damage.
The gnoll sergeant hits you but does no damage.
The adder bites you but does no damage.
You slash the adder!
You kill the adder!
Bianca barely misses the gnoll sergeant.
Your Fighting skill increases to level 4!
You cannot move.
As you read the scroll labelled OBBINU WAWOIN, it crumbles to dust.
You cannot blink because you are held in place by your roots.
It was a scroll of blinking.
Bianca blocks the orc's attack.
The gnoll sergeant barely misses you.
As you read the scroll labelled CUBLEG GUTSOFU, it crumbles to dust.
You feel aware of your surroundings.
You sensed 1 altar.
It was a scroll of magic mapping.
Bianca hits the gnoll sergeant with a +0 flail.
The orc misses Bianca.
The ogre hits you with a +0 giant spiked club!
The gnoll sergeant hits you from afar with a +2 vampiric trident.
The gnoll sergeant draws strength from your wounds!
You barely miss the ogre.
Your transformation is almost over.
Bianca hits the gnoll sergeant but does no damage.
Bianca blocks the orc's attack.
The gnoll sergeant hits you from afar with a +2 vampiric trident.
The gnoll sergeant draws strength from your wounds!
You hit the ogre.
The ogre is lightly wounded.
The ogre hits you with a +0 giant spiked club!!
* * * LOW HITPOINT WARNING * * *
The gnoll sergeant blocks Bianca's attack.
You hear a shout!
Unknown command.
You completely miss the ogre.
The ogre is lightly wounded.
Bianca blocks the orc's attack.
The gnoll sergeant hits you from afar with a +2 vampiric trident.
You die...

**** ** *,,* ,*
*,,**** ,*
****,,...########
,***,,,,,..........#
,,,,,,,,,**,***#<#**
,,,*,,,,,**,* #.#
,,,*,**,.##,** #.#
,,,,,,,,.....###♣##
,,,*,,,,.......OR.#
,,,*,,,,..#.g###og#
,,,,,,,,...,,**#Ko#
,,,*,,,,#,**,,*#g.#
,,,,,,,,*,***,*#g.#*
,,,,,,,,,,>,,,,....*
,***,,,,*,*,*,*#...#
,,,,,,,,,,,,*,*#...#


You could see the friendly Bianca the knight, an ogre, a gnoll sergeant (ally
target), 3 gnolls, 2 orcs and a kobold.

Vanquished Creatures
  2 water moccasins
  Blork the orc (D:5)
  A scorpion (D:4)
  3 hounds
  Terence (D:3)
  An orc wizard (D:5)
  Ijyb (D:3)
  Natasha (thrice) (D:2)
  4 gnolls
  8 adders
  4 worms
  2 dart slugs
  3 orcs
  6 ball pythons
  7 endoplasms
  4 giant cockroaches (D:1)
  5 goblins
  9 hobgoblins
  4 jackals
  7 kobolds
  2 quokkas (D:3)
  3 bats
  5 frilled lizards
  5 rats
91 creatures vanquished.

Vanquished Creatures (collateral kills)
  2 scorpions
  3 gnolls
  An adder (D:3)
  An ufetubus (D:5)
  2 orcs
  A quokka (D:3)
  A goblin (D:4)
  2 kobolds (D:6)
13 creatures vanquished.

Vanquished Creatures (others)
  An ancestor (D:2)
1 creature vanquished.

Grand Total: 105 creatures vanquished

Notes
Turn   | Place    | Note
-------+----------+-------------------------------------------
     0 | D:1      | Bruhh the Hill Orc Fighter began the quest for the Orb.
     0 | D:1      | Reached XP level 1. HP: 19/19 MP: 1/1
    26 | D:1      | Reached skill level 3 in Axes
    39 | D:1      | Reached XP level 2. HP: 14/26 MP: 2/2
    47 | D:1      | Reached skill level 4 in Axes
   316 | D:1      | Found a faded altar of an unknown god.
   369 | D:1      | Reached XP level 3. HP: 29/31 MP: 3/3
   486 | D:1      | Reached skill level 5 in Axes
   832 | D:2      | Reached XP level 4. HP: 39/39 MP: 4/4
   925 | D:2      | Noticed Natasha
   933 | D:2      | Killed Natasha
   934 | D:2      | Reached skill level 6 in Axes
  1001 | D:2      | Reached XP level 5. HP: 44/45 MP: 5/5
  1144 | D:2      | Noticed Natasha
  1151 | D:2      | Killed Natasha
  1152 | D:2      | Reached skill level 7 in Axes
  1413 | D:2      | Noticed Natasha
  1767 | D:1      | Prayed at the altar of an unknown god.
  1767 | D:1      | Became a worshipper of Hepliaklqana the Forgotten
  1767 | D:1      | Reached * piety under Hepliaklqana
  1941 | D:2      | Killed Natasha
  2237 | D:3      | Found Runineth's Weapon Shop.
  2299 | D:3      | Reached skill level 8 in Axes
  2299 | D:3      | Reached XP level 6. HP: 44/45 MP: 6/6
  2338 | D:3      | Noticed Ijyb
  2350 | D:3      | Killed Ijyb
  2600 | D:3      | Noticed Terence
  2613 | D:3      | Killed Terence
  2767 | D:4      | Reached skill level 9 in Axes
  2993 | D:4      | Found a staircase to the Ecumenical Temple.
  3146 | D:4      | Reached ** piety under Hepliaklqana
  3147 | D:4      | Remembered your ancestor Bianca as a knight
  3227 | D:5      | Entered Level 5 of the Dungeon
  3230 | D:5      | Noticed Blork the orc
  3234 | D:5      | Killed Blork the orc
  3235 | D:5      | Reached XP level 7. HP: 38/51 MP: 7/7
  3461 | D:5      | Reached skill level 10 in Axes
  3670 | D:5      | Reached skill level 11 in Axes
  4095 | D:6      | Reached XP level 8. HP: 42/57 MP: 6/8
  4096 | D:6      | Reached skill level 12 in Axes
  4101 | D:6      | HP: 2/88 [ogre/+0 giant spiked club (25)]
  4102 | D:6      | Slain by a gnoll sergeant

Illustrated notes

Levels and vault maps discovered:
D:1:      lemuel_arrival_hallway, layout_rooms, ebering_ecumenical_altar_box
D:2:      layout_rooms, minmay_misc_feat_plants, minmay_crystal_room,
          uniq_natasha
D:3:      layout_basic, serial_shops, shop, gammafunk_ghost_abyssal_escape,
          uniq_jessica, uniq_ijyb, uniq_terence
D:4:      kennysheep_spiral_hall, layout_loops_ring, minmay_temple_entry_fiery,
          uniq_eustachio
D:5:      layout_basic, uniq_blork_the_orc
D:6:      layout_basic, mainiacjoe_overflow_catwalk

Skill      XL: |  1  2  3  4  5  6  7  8 |
---------------+-------------------------+-----
Axes           | 3 4 5 6 8 9 11 12 | 12.0
Fighting       | 4 |  4.0
Armour         | |  3.2
Shields        | |  3.2

Action                   |  1- 3 |  4- 6 |  7- 9 || total
-------------------------+-------+-------+-------++-------
Melee: War axe           |    81 |    86 |       ||   167
       Long sword        |       |    25 |    35 ||    60
Invok: Ancestor Life: Kn |       |     1 |       ||     1
       Ancestor Identity |       |     1 |       ||     1
       Recall Ancestor   |       |       |     1 ||     1
  Use: Potion            |       |     4 |     4 ||     8
       Scroll            |       |     1 |     2 ||     3
Armor: Scale mail        |    41 |    33 |    11 ||    85
       Skin              |       |       |     4 ||     4
Dodge: Dodged            |    44 |    49 |    26 ||   119
Block: Buckler           |    20 |    32 |     4 ||    56

Table legend: (Time is in decaauts)
 A = Elapsed time spent in this place.
 B = Non-inter-level travel time spent in this place.
 C = Inter-level travel time spent in this place.
 D = Time resting spent in this place.
 E = Time spent auto-exploring this place.
 F = Levels seen in this place.
 G = Mean time per level.
                   A        B        C        D        E       F      G
               +--------+--------+--------+--------+--------+-----+--------+
         Total |   4171 |   3915 |    256 |    325 |   2879 |   6 |  695.2 |
       Dungeon |   4171 |   3915 |    256 |    325 |   2879 |   6 |  695.2 |
               +--------+--------+--------+--------+--------+-----+--------+

Top non-repeatable levels by time:
     D:2: 1185 daAuts
     D:1: 1096 daAuts
     D:5: 853 daAuts
     D:3: 530 daAuts
     D:4: 473 daAuts
     D:6: 32 daAuts
